 Dungeon Crawl Stone Soup version 0.17.0-28-g6e173f8 (webtiles) character file.

135 sugabear the Cutter (level 5, -4/26 HPs)
             Began as a Vine Stalker Gladiator on Nov 25, 2015.
             Slain by Edmund
             ... wielding a +0 dire flail
              (10 damage)
             ... on level 4 of the Dungeon.
             The game lasted 00:03:14 (1265 turns).

sugabear the Cutter (Vine Stalker Gladiator)        Turns: 1265, Time: 00:03:14

Health: -4/26      AC:  4    Str: 17    XL:     5   Next: 18%
Magic:  0/6        EV: 13    Int:  8    God:
Gold:   91         SH:  0    Dex: 16    Spells: 0 memorised, 4 levels left

rFire  . . .     SeeInvis .     j - +3 short sword (venom)
rCold  . . .     Clarity  .     b - +0 leather armour
rNeg   . . .     SustAt   .     (no shield)
rPois  .         Gourm    .     c - +0 helmet
rElec  .         Spirit   +     (no cloak)
rCorr  .         Warding  .     (no gloves)
rMut   .         Stasis   .     (no boots)
MR     .....                    (no amulet)
Stlth  ++........               (no ring)
                                (no ring)

@: slowed, very slow, not resistant to hostile enchantments, unstealthy
A: fangs 2, regeneration 1, magic shield, antimagic bite, no device heal 3, rot
immunity
a: no special abilities


You were on level 4 of the Dungeon.
You were not hungry.

You visited 1 branch of the dungeon, and saw 4 of its levels.

You collected 91 gold pieces.

Inventory:

Hand Weapons
 a - a +0 rapier
 j - a +3 short sword of venom (weapon)
Missiles
 d - 3 throwing nets (quivered)
Armour
 b - a +0 leather armour (worn)
 c - a +0 helmet (worn)
 u - a +0 fire dragon armour
Jewellery
 s - an uncursed amulet of stasis {unknown}
Wands
 x - a wand of magic darts (31)
Scrolls
 f - a scroll of remove curse {unknown}
 l - 3 scrolls of identify {unknown}
 m - a scroll of immolation {unknown}
 n - a scroll of recharging
 o - a scroll of magic mapping {unknown}
 p - a scroll of amnesia {unknown}
 q - 2 scrolls of random uselessness {unknown}
 w - a scroll of fog {unknown}
Potions
 h - a potion of curing {unknown}
 i - a potion of ambrosia {unknown}
 r - a potion of heal wounds {unknown}
 t - a potion of brilliance {unknown}
Comestibles
 e - 3 bread rations
 g - 3 fruits
 k - a meat ration
 v - a royal jelly
 z - 2 chunks of flesh


   Skills:
 + Level 2.2 Fighting
 + Level 3.4 Short Blades
 + Level 1.8 Throwing
 + Level 0.7 Armour
 + Level 3.0 Dodging
 * Level 3.2 Stealth


You had 4 spell levels left.
You didn't know any spells.

Dungeon Overview and Level Annotations

Branches:
Dungeon (4/15)
 Temple: D:4-7

Altars:
Qazlal

Annotations:
D:4 Edmund, Natasha


Innate Abilities, Weirdness & Mutations

You have extremely sharp teeth.
Your natural rate of healing is unusually fast.
When hurt, damage is shared between your health and your magic reserves.
Your bite disrupts and absorbs the magic of your enemies.
Potions and wands cannot restore your health.
You are immune to rotting.


Message History

Edmund hits you with a dire flail.
You hit Edmund but do no damage.
Edmund is moderately wounded.
The crimson imp blinks!
Edmund completely misses you.
You hit Edmund. You bite Edmund, but do no damage.
Edmund is moderately wounded.
The crimson imp blinks!
Natasha stares at you and mumbles some strange words.
You feel yourself slow down. Edmund misses you.
Unknown command.
Read which item? (? for menu, Esc to quit)
As you read the scroll labeled NUFATU NAMOHA, it crumbles to dust.
It is a scroll of recharging.
Charge which item? (? for menu, Esc to quit)
Your wand of magic darts glows for a moment.
The hound closely misses you. The crimson imp closely misses you.
The hound bites you.
* * * LOW HITPOINT WARNING * * *
Edmund hits you with a dire flail!
You die...

.. ... .§..
########....
#......h§...
#..@.....#
#..@h....###
#...5....?..
############


You could see Edmund, a hound, Natasha and a crimson imp.

Vanquished Creatures
  Terence (D:2)
  3 gnolls (D:2)
  3 adders (D:2)
  4 giant geckos
  9 bats
  3 goblins (D:2)
  6 hobgoblins
  8 jackals
  A quokka (D:2)
  4 giant newts (D:2)
  6 kobolds
  3 rats
51 creatures vanquished.

Notes
Turn   | Place    | Note
--------------------------------------------------------------
     0 | D:1      | sugabear the Vine Stalker Gladiator began the quest for the Orb.
     0 | D:1      | Reached XP level 1. HP: 11/11 MP: 2/2
    56 | D:1      | Reached skill level 1 in Stealth
    56 | D:1      | Reached XP level 2. HP: 10/15 MP: 1/3
   430 | D:2      | Reached skill level 3 in Short Blades
   434 | D:2      | Reached XP level 3. HP: 15/18 MP: 4/4
   589 | D:2      | Noticed Terence
   600 | D:2      | Killed Terence
   600 | D:2      | Reached XP level 4. HP: 6/23 MP: 1/5
  1075 | D:2      | Reached XP level 5. HP: 24/26 MP: 6/6
  1245 | D:3      | Found a stormy altar of Qazlal.
  1257 | D:4      | Noticed Natasha
  1257 | D:4      | Noticed Edmund
  1265 | D:4      | Slain by Edmund

Action                   |  1- 3 |  4- 6 || total
-------------------------+-------+-------++-------
Melee: Rapier            |    27 |       ||    27
       Short sword       |    39 |    40 ||    79
  Use: Scroll            |       |     1 ||     1
 Stab: Sleeping          |     3 |       ||     3
       Distracted        |       |     1 ||     1
  Eat: Chunk             |       |     1 ||     1
